 Dungeon Sprint DCSS version 0.27-a0-1548-gf8a67e7463 (webtiles) character file.

Game seed: 15932247899977091571

1063 12572944 the Fighter (level 8, -15/106 HPs)
             Began as a Demonspawn Berserker on July 13, 2021.
             Was a High Priest of Trog.
             Demolished by a red devil (18 damage)
             ... in the Dungeon (Sprint VII: "The Pits").
             The game lasted 00:03:36 (1176 turns).

12572944 the Fighter (Demonspawn Berserker)         Turns: 1176, Time: 00:03:37

Health: -15/106    AC:  9    Str: 20    XL:     8   Next: 6%
Magic:  8/8        EV: 14    Int:  9    God:    Trog [*****.]
Gold:   0          SH:  0    Dex: 12    Spells: 7/7 levels left

rFire    . . .     SeeInvis .   o - +2 battleaxe (flame)
rCold    . . .     Faith    .   (shield currently unavailable)
rNeg     . . .     Spirit   .   n - +3 ring mail
rPois    .         Reflect  .   (no helmet)
rElec    .         Harm     .   (no cloak)
rCorr    .         Rampage  .   (no gloves)
Will     .....     NoTele   +   (no boots)
Stlth    ..........             (no amulet)
HPRegen  0.27/turn              (no ring)
MPRegen  0.11/turn              (no ring)

@: berserking (expiring), very quick
A: talons 2, demonic guardian 2, ignite blood 1
a: Renounce Religion, Berserk, Trog's Hand, Brothers in Arms


You were in the Dungeon.
You worshipped Trog.
Trog was extremely pleased with you.
You visited 1 branch

Inventory:

Hand Weapons
 a - a +0 hand axe
 i - a +2 hand axe
 m - a +2 hand axe of freezing
 o - a +2 battleaxe of flaming (weapon)
Missiles
 l - 10 stones (quivered)
Armour
 b - a +0 animal skin
 n - a +3 ring mail (worn)
Scrolls
 h - a scroll of blinking
 k - a scroll of summoning
Potions
 c - 6 potions of curing {@q1}
 d - 6 potions of heal wounds {@q2}
 e - a potion of haste {@q3}
 f - 4 potions of magic
 g - 3 potions of berserk rage
 j - 2 potions of invisibility


   Skills:
 + Level 9.4 Fighting
 + Level 8.6 Axes
 + Level 8.4 Armour
 + Level 8.4 Dodging


You had 7 spell levels left.
You didn't know any spells.
Your spell library was empty.

Dungeon Overview and Level Annotations

Branches:
Dungeon (1/1)

Altars:
Cheibriados
Dithmenos
Elyvilon
Fedhas
Gozag
Hepliaklqana
Makhleb
Nemelex Xobeh
Okawaru
Qazlal
Ru
Sif Muna
Trog
Vehumet
Wu Jian
Xom
Yredelemnul
Zin
The Shining One
Beogh
Jiyva
Lugonu

Annotations:
D exclusion: door


Innate Abilities, Weirdness & Mutations

You have razor-sharp toenails.
A demonic guardian rushes to your aid.
Your demonic aura sometimes causes spilled blood to erupt in flames.


Message History

The mummy is moderately damaged.
You slash the tyrant leech! You burn the tyrant leech.
The tyrant leech is moderately wounded.
The red devil hits you from afar with a +0 trident.
You closely miss the tyrant leech. You claw the tyrant leech!
The tyrant leech is moderately wounded.
The red devil hits you from afar with a +0 trident.
The tyrant leech bites you but does no damage.
You barely miss the tyrant leech. Your kick misses the tyrant leech.
The tyrant leech is moderately wounded.
The red devil hits you from afar with a +0 trident!
You miss the tyrant leech.
The tyrant leech is moderately wounded.
The red devil hits you from afar with a +0 trident.
The tyrant leech bites you!!
* * * LOW HITPOINT WARNING * * *
A demonic guardian appears!
The tyrant leech draws strength from your injuries!
You hit the tyrant leech. You burn the tyrant leech.
The tyrant leech is moderately wounded.
The red devil hits you from afar with a +0 trident!
* * * LOW HITPOINT WARNING * * *
The tyrant leech misses you.
You hit the tyrant leech. You burn the tyrant leech.
Your kick misses the tyrant leech.
The tyrant leech is heavily wounded.
Your hellwing barely misses the tyrant leech.
Your hellwing hits the tyrant leech but does no damage.
The red devil hits you from afar with a +0 trident!
* * * LOW HITPOINT WARNING * * *
You hit the tyrant leech. You burn the tyrant leech.
Your kick misses the tyrant leech.
The tyrant leech is heavily wounded.
Your hellwing barely misses the tyrant leech.
Your hellwing hits the tyrant leech!
The tyrant leech barely misses your hellwing.
You miss the tyrant leech.
The tyrant leech is heavily wounded.
The red devil hits you from afar with a +0 trident!!
You die...

#.##†#..#'###...<...#
#.#........##.......#
#.#........##.......#
#'###########.......#
#.......#..##########
#.......#.## ###
#...#...#.# ...#
#..###..#'#....#
#...#...#@wM...+
#.......#4#4...#
#.......).# ...#
########### ###


You could see a tyrant leech (ally target), a red devil, a mummy and a friendly
hellwing (summoned).

Vanquished Creatures
  A guardian mummy (D)
  Grinder (D)
  A flying skull (D)
  A floating eye (D)
  A sky beast (D)
  A necrophage (D)
  2 scorpions (D)
  A crimson imp (D)
  A gnoll (D)
  A river rat (D)
  A white imp (D)
  An ufetubus (D)
  2 worms (D)
  A giant cockroach (D)
  2 goblins (D)
  A quokka (D)
  A giant cockroach zombie (D)
  2 kobolds (D)
22 creatures vanquished.

Notes
Turn   | Place    | Note
-------+----------+-------------------------------------------
     0 | D        | 12572944 the Demonspawn Berserker began the quest for the
                  | Orb.
     0 | D        | Reached XP level 1. HP: 18/18 MP: 1/1
    13 | D        | Gained mutation: A weak demonic guardian rushes to your
                  | aid. [demonic ancestry]
    13 | D        | Reached XP level 2. HP: 24/24 MP: 2/2
    77 | D        | Found a basalt altar of Yredelemnul.
    77 | D        | Found a shimmering altar of Xom.
    77 | D        | Found an ornate altar of the Wu Jian Council.
    77 | D        | Found a bloodstained altar of Trog.
    77 | D        | Found a shimmering blue altar of Sif Muna.
    77 | D        | Found a sacrificial altar of Ru.
    77 | D        | Found a stormy altar of Qazlal.
    77 | D        | Found an iron altar of Okawaru.
    77 | D        | Found a sparkling altar of Nemelex Xobeh.
    77 | D        | Found a burning altar of Makhleb.
    77 | D        | Found a viscous altar of Jiyva.
    77 | D        | Found a hazy altar of Hepliaklqana.
    77 | D        | Found an opulent altar of Gozag.
    77 | D        | Found a blossoming altar of Fedhas.
    77 | D        | Found a shadowy altar of Dithmenos.
    77 | D        | Found a snail-covered altar of Cheibriados.
    78 | D        | Found a radiant altar of Vehumet.
    78 | D        | Found a corrupted altar of Lugonu.
   104 | D        | Noticed a scorpion
   114 | D        | Killed a scorpion
   114 | D        | Reached ** piety under Trog
   115 | D        | Reached skill level 4 in Fighting
   115 | D        | Gained mutation: Your demonic aura sometimes causes spilled
                  | blood to erupt in flames. [demonic ancestry]
   115 | D        | Reached XP level 3. HP: 6/32 MP: 3/3
   115 | D        | Reached XP level 4. HP: 7/38 MP: 4/4
   385 | D        | Reached skill level 5 in Fighting
   543 | D        | Noticed a floating eye
   554 | D        | Killed a floating eye
   554 | D        | Reached *** piety under Trog
   555 | D        | Reached skill level 6 in Fighting
   555 | D        | Reached skill level 5 in Axes
   555 | D        | Reached skill level 5 in Armour
   555 | D        | Reached skill level 5 in Dodging
   555 | D        | Gained mutation: You have sharp toenails. [demonic
                  | ancestry]
   555 | D        | Reached XP level 5. HP: 47/47 MP: 5/5
   679 | D        | Noticed a sky beast
   698 | D        | Killed a sky beast
   698 | D        | Reached **** piety under Trog
   699 | D        | Reached skill level 7 in Fighting
   699 | D        | Gained mutation: You have razor-sharp toenails. [demonic
                  | ancestry]
   699 | D        | Reached XP level 6. HP: 39/55 MP: 6/6
   827 | D        | Reached ***** piety under Trog
   871 | D        | Noticed Grinder
   882 | D        | Killed Grinder
   883 | D        | Reached skill level 8 in Fighting
   883 | D        | Reached XP level 7. HP: 63/63 MP: 7/7
   930 | D        | Noticed a guardian mummy
   935 | D        | Killed a guardian mummy
   935 | D        | Received a gift from Trog
   936 | D        | Reached skill level 9 in Fighting
  1122 | D        | Noticed a flying skull
  1130 | D        | Killed a flying skull
  1135 | D        | Gained mutation: A demonic guardian rushes to your aid.
                  | [demonic ancestry]
  1135 | D        | Reached XP level 8. HP: 69/71 MP: 8/8
  1163 | D        | Noticed a red devil
  1163 | D        | Noticed a tyrant leech
  1174 | D        | HP: 2/106 [red devil (16)]
  1176 | D        | Demolished by a red devil

Illustrated notes

Levels and vault maps discovered:
D:        pitsprint [storerooms_1, entrance_room_1, metal_vault_2, armoury_2,
          mini_pit_1, grid_room_1, main_hall_1, silver_pit, the_coven_2,
          the_vestibule_1, steel_vault_4, golden_pit, hallway_of_sentries,
          crystal_vault_4, iron_vault_4, final_vault]

Skill      XL: |  1  2  3  4  5  6  7 |
---------------+----------------------+-----
Axes           | 3 4 5 6 7 8 |  8.6
Armour         | 2 3 5 6 7 8 |  8.4
Dodging        | 2 3 5 6 7 8 |  8.4
Fighting       | 4 6 7 8 9 |  9.4

Action                   |  1- 3 |  4- 6 |  7- 9 || total
-------------------------+-------+-------+-------++-------
Melee: Hand axe          |    10 |    51 |     6 ||    67
       Kick              |       |     9 |     5 ||    14
       Battleaxe         |       |       |    19 ||    19
Invok: Berserk           |     2 |     3 |     2 ||     7
       Trog's Hand       |       |     1 |       ||     1
Armor: Animal skin       |     1 |     2 |       ||     3
       Ring mail         |       |     5 |     5 ||    10
Dodge: Dodged            |     4 |    27 |     5 ||    36

Table legend: (Time is in decaauts)
 A = Elapsed time spent in this place.
 B = Non-inter-level travel time spent in this place.
 C = Inter-level travel time spent in this place.
 D = Time resting spent in this place.
 E = Time spent auto-exploring this place.
 F = Levels seen in this place.
 G = Mean time per level.
                   A        B        C        D        E       F      G
               +--------+--------+--------+--------+--------+-----+--------+
         Total |   1233 |   1178 |     55 |    880 |      8 |   1 | 1233.0 |
       Dungeon |   1233 |   1178 |     55 |    880 |      8 |   1 | 1233.0 |
               +--------+--------+--------+--------+--------+-----+--------+

Top non-repeatable levels by time:
       D: 1233 daAuts
